AoeStats
← Didi

Nomad

509987111Analyzed
4v4 RM · 4d ago on Sep 28, 2026· 55m 27s· 8 players
Game mode
Random Map
Map size
231×231
Population
200
Speed
Normal
Resources
Standard
Victory
Conquest
Starting age
Dark Age
Ending age
Imperial Age
RankedLock teamsTeams togetherTeam positionsShared explorationLock speedFull tech treeHidden civsTurbo modeCheats
Victory
Defeat
🇦🇷 Ethiopians · Argentina
1577
+10
🇨🇱 Spanish · Chile
1440
+16
🇮🇹 Franks · Italy
1406
+17
🇮🇹 Berbers · Italy
1362
+19
🇺🇸 Danes · United States
1547
-19
🇲🇽 Persians · Mexico
1464
-17
🇺🇸 Japanese · United States
1387
-14
🇺🇸 Spanish · United States
1348
-12
Dwarf king
5:09 Loom
13:16 Feudal Age
17:27 Castle Age
15:21 Fishing Lines
16:10 Double-Bit Axe
19:22 Medium Warships
19:28 Bow Saw
20:12 Gillnets
22:00 Fletching
26:15 Ballistics
25:46 Guard Tower
25:53 Bodkin Arrow
34:34 Imperial Age
32:59 Murder Holes
33:14 Gold Mining
37:18 Chemistry
37:53 Wheelbarrow
37:50 Conscription
36:52 Onager
40:41 Bracer
41:01 Elite Varangian Guard
41:55 Scale Mail Armor
42:05 Forging
41:59 Squires
46:03 Arson
46:15 Pikeman
48:14 Hoardings
51:28 Hand Cart
GatorGottaEat
5:31 Loom
12:15 Feudal Age
12:48 Man-at-Arms
19:49 Wheelbarrow
20:44 Double-Bit Axe
27:15 Castle Age
25:33 Fletching
25:54 Fishing Lines
27:15 Crossbowman
28:14 Bodkin Arrow
34:58 Horse Collar
37:06 Padded Archer Armor
40:01 Yasama
40:45 Thumb Ring
42:12 Bow Saw
42:18 Pikeman
44:11 Scale Mail Armor
49:00 Murder Holes
50:35 Forging
52:11 Guard Tower
Diheadwarlord
4:54 Loom
13:08 Feudal Age
17:29 Castle Age
17:12 Double-Bit Axe
19:28 Town Watch
20:57 Padded Archer Armor
21:03 Gold Mining
23:15 Leather Archer Armor
26:17 Bloodlines
29:06 Fishing Lines
30:53 Husbandry
40:04 Ballistics
42:29 Gillnets
44:08 Horse Collar
48:25 Imperial Age
46:48 Wheelbarrow
48:47 Elite Conquistador
50:04 Ring Archer Armor
The_ Rock
13:08 Feudal Age
16:43 Castle Age
15:20 Double-Bit Axe
15:16 Horse Collar
15:26 Fishing Lines
16:24 Loom
17:42 Gillnets
18:50 Bow Saw
18:46 Heavy Plow
21:06 Wheelbarrow
24:48 Scale Barding Armor
30:04 Bloodlines
32:04 Chain Barding Armor
33:05 Forging
34:00 Husbandry
34:27 Hand Cart
37:15 Imperial Age
34:43 Fletching
34:53 Gold Mining
35:51 Ballistics
36:12 Gold Shaft Mining
36:13 Iron Casting
36:52 Cavalier
38:09 Plate Barding Armor
39:50 Blast Furnace
38:23 Savar
39:28 Bodkin Arrow
40:30 Crop Rotation
41:02 Two-Man Saw
41:46 Heavy Camel Rider
45:23 Padded Archer Armor
46:51 Chemistry
45:47 Murder Holes
46:02 Masonry
46:34 Hoardings
46:22 Conscription
46:16 Citadels
47:30 Elite War Elephant
Wendysocute
13:33 Feudal Age
17:33 Castle Age
17:37 Scale Barding Armor
17:43 Forging
17:22 Double-Bit Axe
17:22 Horse Collar
18:23 Husbandry
18:33 Bloodlines
21:06 Loom
25:32 Chain Barding Armor
25:48 Iron Casting
29:24 Wheelbarrow
29:55 Heavy Plow
31:42 Gold Mining
32:43 Hand Cart
32:48 Town Watch
38:25 Gold Shaft Mining
40:56 Imperial Age
40:48 Kasbah
41:39 Maghrebi Camels
42:00 Conscription
41:03 Heavy Camel Rider
42:26 Crop Rotation
42:43 Plate Barding Armor
44:15 Blast Furnace
Doctor Simi
11:31 Loom
13:30 Feudal Age
14:16 Town Watch
17:18 Castle Age
16:07 Double-Bit Axe
17:06 Fishing Lines
20:09 Padded Archer Armor
24:53 Fervor
25:53 Leather Archer Armor
29:59 Wheelbarrow
29:23 Fletching
31:39 Bodkin Arrow
32:43 Bow Saw
32:34 Stone Mining
32:35 Gold Mining
32:25 Horse Collar
33:58 Redemption
35:32 Husbandry
38:40 Imperial Age
39:51 Conscription
39:09 Elite Conquistador
40:36 Stone Shaft Mining
41:18 Chemistry
42:10 Masonry
42:49 Ring Archer Armor
43:34 Architecture
44:34 Guilds
45:17 Bombard Tower
49:35 Light Cavalry
50:26 Bloodlines
50:23 Scale Barding Armor
50:16 Hussar
51:49 Chain Barding Armor
51:40 Forging
53:41 Plate Barding Armor
53:42 Iron Casting
55:51 Bracer
511
4:49 Loom
13:36 Feudal Age
23:14 Castle Age
21:10 Double-Bit Axe
24:43 Scale Barding Armor
24:44 Fishing Lines
28:41 Husbandry
28:53 Forging
29:34 Town Watch
36:08 Imperial Age
34:44 Wheelbarrow
35:31 Gold Mining
36:03 Chain Barding Armor
36:57 Hand Cart
36:45 Cavalier
38:00 Conscription
38:59 Plate Barding Armor
39:02 Scale Mail Armor
39:18 Pikeman
39:59 Squires
40:32 Squires
41:10 Chain Mail Armor
41:36 Gambesons
42:28 Iron Casting
43:14 Gold Shaft Mining
42:47 Arson
45:10 Halberdier
51:00 Plate Mail Armor
56:15 Blast Furnace
Didi
3:00 Loom
13:03 Feudal Age
16:58 Castle Age
15:03 Double-Bit Axe
15:46 Fletching
16:30 Gold Mining
17:02 Crossbowman
17:44 Bodkin Arrow
20:22 Padded Archer Armor
22:20 Ballistics
22:12 Town Watch
28:28 Wheelbarrow
29:02 Horse Collar
36:51 Imperial Age
35:36 Royal Heirs
36:00 Husbandry
37:05 Heavy Plow
37:19 Heavy Camel Rider
39:09 Scale Barding Armor
39:14 Forging
40:25 Chain Barding Armor
41:28 Forging
42:21 Conscription
44:45 Iron Casting
44:49 Bracer
46:31 Bow Saw
46:19 Arbalester
49:13 Chemistry
49:33 Leather Archer Armor
48:42 Light Cavalry
50:06 Thumb Ring
51:55 Hand Cart
51:05 Man-at-Arms
51:48 Squires
51:49 Scale Mail Armor
54:16 Blast Furnace
54:21 Two-Man Saw
54:24 Heavy Scorpion
Connection lost

Rejoining the realm…

Still unreachable

The connection could not be restored.

Session expired

The server has moved on; the page needs a fresh start.